AoeStats
← waLLefps.

Oasis

508711619Analyzed
4v4 RM · 7d ago on Sep 23, 2026· 46m 25s· 8 players
Game mode
Random Map
Map size
Large (8 player)
Population
200
Speed
Normal
Resources
Standard
Victory
Conquest
Starting age
Dark Age
Ending age
Imperial Age
RankedLock teamsTeams togetherTeam positionsShared explorationLock speedFull tech treeHidden civsTurbo modeCheats
Victory
Defeat
🇮🇳 Britons · India
1477
+14
🇺🇸 Varangians · United States
1445
+15
🇧🇷 Franks · Brazil
1405
+17
🇹🇼 Magyars · Taiwan
1358
+19
🇹🇷 Ethiopians · Türkiye
1436
-17
🇹🇷 Britons · Türkiye
1421
-16
🇹🇷 Huns · Türkiye
1415
-16
🇹🇷 Khitans · Türkiye
1414
-16
klostrofobikköstebek
7:26 Loom
9:34 Feudal Age
15:00 Padded Archer Armor
14:51 Fletching
15:32 Double-Bit Axe
25:18 Castle Age
24:12 Gold Mining
25:40 Wheelbarrow
25:21 Crossbowman
27:16 Leather Archer Armor
26:57 Bodkin Arrow
27:47 Bow Saw
27:19 Horse Collar
30:50 Ballistics
31:55 Heavy Plow
32:32 Gold Shaft Mining
36:08 Hand Cart
38:41 Imperial Age
37:00 Stone Mining
39:56 Ring Archer Armor
39:27 Bracer
40:34 Chemistry
39:46 Arbalester
43:08 Murder Holes
Yokolucu
9:06 Loom
11:14 Feudal Age
12:24 Horse Collar
14:54 Castle Age
12:50 Double-Bit Axe
15:52 Bow Saw
22:58 Bloodlines
23:08 Scale Barding Armor
24:49 Heavy Plow
25:37 Chain Barding Armor
25:55 Gold Mining
26:30 Forging
27:53 Wheelbarrow
27:32 Husbandry
35:05 Imperial Age
33:23 Iron Casting
35:06 Hand Cart
36:20 Plate Barding Armor
35:09 Cavalier
36:53 Gold Shaft Mining
36:24 Paladin
37:57 Caravan
39:04 Blast Furnace
Tameryig1t
5:23 Loom
9:25 Feudal Age
14:03 Scale Barding Armor
18:25 Forging
20:22 Wheelbarrow
20:12 Double-Bit Axe
20:10 Domestication
25:11 Castle Age
23:14 Gold Mining
25:17 Light Cavalry
25:57 Husbandry
26:20 Chain Barding Armor
26:36 Iron Casting
27:04 Hand Cart
27:00 Bow Saw
26:53 Pastoralism
waLLefps.
6:55 Loom
9:14 Feudal Age
15:57 Castle Age
14:04 Double-Bit Axe
14:59 Horse Collar
16:18 Fletching
17:00 Bow Saw
16:17 Crossbowman
22:52 Ballistics
26:56 Wheelbarrow
26:31 Gold Mining
29:35 Gold Shaft Mining
29:25 Heavy Plow
33:14 Masonry
34:11 Padded Archer Armor
34:24 Thumb Ring
34:31 Bodkin Arrow
35:28 Hand Cart
36:40 Leather Archer Armor
37:41 Town Watch
41:05 Imperial Age
40:00 Murder Holes
41:37 Scale Mail Armor
41:48 Forging
boo
6:24 Loom
9:14 Feudal Age
10:41 Loom
13:45 Castle Age
11:54 Double-Bit Axe
14:34 Horse Collar
17:33 Wheelbarrow
22:05 Scale Mail Armor
23:33 Chain Mail Armor
24:42 Forging
25:12 Squires
25:38 Gold Mining
27:42 Hand Cart
29:31 Arson
30:38 Bow Saw
30:35 Arson
30:44 Arson
31:36 Iron Casting
31:30 Gambesons
36:28 Imperial Age
36:19 Town Watch
36:31 Elite Varangian Guard
37:50 Plate Mail Armor
38:05 Heavy Plow
38:25 Gothikon
40:44 Blast Furnace
41:44 Conscription
Fs.Emmanuel
11:02 Feudal Age
14:42 Castle Age
12:36 Double-Bit Axe
15:54 Bow Saw
22:11 Scale Barding Armor
25:44 Gold Mining
26:52 Chain Barding Armor
29:50 Forging
30:51 Gold Shaft Mining
33:42 Wheelbarrow
34:43 Husbandry
35:56 Iron Casting
39:58 Imperial Age
39:56 Hand Cart
39:27 Loom
40:52 Cavalier
42:53 Blast Furnace
43:36 Plate Barding Armor
43:24 Conscription
42:53 Paladin
TwBestShaco
6:38 Loom
8:53 Feudal Age
10:41 Double-Bit Axe
10:54 Horse Collar
16:03 Wheelbarrow
19:43 Castle Age
18:10 Scale Barding Armor
19:29 Bloodlines
20:44 Hand Cart
20:40 Gold Mining
21:05 Bow Saw
22:56 Husbandry
24:40 Chain Barding Armor
29:07 Heavy Plow
37:54 Imperial Age
37:55 Cavalier
38:26 Town Watch
39:17 Plate Barding Armor
39:44 Crop Rotation
40:16 Two-Man Saw
40:04 Paladin
42:04 Light Cavalry
45:06 Hussar
46:29 Conscription
Issue
6:51 Loom
9:21 Feudal Age
10:26 Double-Bit Axe
12:14 Fletching
13:51 Horse Collar
24:31 Castle Age
25:07 Bodkin Arrow
24:33 Crossbowman
26:47 Ballistics
35:57 Wheelbarrow
38:15 Hand Cart
47:32 Imperial Age
Connection lost

Rejoining the realm…

Still unreachable

The connection could not be restored.

Session expired

The server has moved on; the page needs a fresh start.